 Dungeon Crawl Stone Soup version bcrawl-1.21.2-1-g32d02e0829 (webtiles) character file.

Game seed: 2124939235076400632

55 Freyura the Skirmisher (level 3, -4/29 HPs)
             Began as a Demonspawn Abyssal Knight on Feb 19, 2020.
             Was a Follower of Lugonu.
             Slain by a gnoll
             ... wielding a +0 flail
              (6 damage)
             ... on level 2 of the Dungeon.
             The game lasted 00:02:34 (2131 turns).

Freyura the Skirmisher (Demonspawn Abyssal Knight)  Turns: 2131, Time: 00:02:35

Health: -4/29      AC:  3    Str: 12    XL:     3   Next: 67%
Magic:  5/5        EV: 11    Int: 13    God:    Lugonu [*.....]
Gold:   34         SH:  0    Dex: 13    Spells: 2/2 levels left

rFire    . . .     SeeInvis .   a - +1 hand axe
rCold    . . .     Gourm    .   (no shield)
rNeg     . . .     Faith    .   b - +0 leather armour
rPois    .         Spirit   .   (helmet restricted)
rElec    .         Reflect  .   (no cloak)
rCorr    .         Harm     .   (no gloves)
MR       .....                  (no boots)
Stlth    +.........             (no amulet)
HPRegen  0.09/turn              g - ring of wizardry
MPRegen  0.09/turn              (no ring)

@: no status effects
A: antennae 1, hooves 1
a: Depart the Abyss, Bend Space, Renounce Religion


You were on level 2 of the Dungeon.
You worshipped Lugonu.
Lugonu was aware of your devotion.
You were not hungry.

You visited 1 branch of the dungeon, and saw 2 of its levels.
You visited the Abyss 1 time.

You collected 34 gold pieces.

Inventory:

Hand Weapons
 a - a +1 hand axe (weapon)
Missiles
 c - 10 tomahawks of dispersal (quivered)
 d - 431 stones
Armour
 b - a +0 leather armour (worn)
Jewellery
 g - a ring of wizardry (left hand)
Scrolls
 h - a scroll of fear {unknown}
Potions
 f - a potion of mutation {unknown}
 i - 2 potions of haste {unknown}
 j - a potion of heal wounds {unknown}
 k - a potion of agility {unknown}
 m - a potion of curing {unknown}
Comestibles
 e - 2 rations {!d}
 l - a chunk of flesh


   Skills:
 + Level 3.3 Fighting
 * Level 2.5 Axes
 - Level 0.8 Throwing
 + Level 2.1 Armour
 + Level 1.5 Dodging
 + Level 3.3 Invocations


You had 2 spell levels left.
You didn't know any spells.
Your spell library was empty.

Dungeon Overview and Level Annotations

Branches:
Dungeon (2/12)

Altars:


Innate Abilities, Weirdness & Mutations

You have a pair of small antennae on your head.
You have large cloven feet.


Message History

You are too injured to fight recklessly!
You are too injured to fight recklessly!
You are too injured to fight recklessly!
You are too injured to fight recklessly!
You are too injured to fight recklessly!
You are too injured to fight recklessly!
You are too injured to fight recklessly!
You are too injured to fight recklessly!
You hit the gnoll.
The gnoll is heavily wounded.
You miss the goblin. The goblin misses you. The gnoll barely misses you. x2
You hit the gnoll but do no damage. Your kick misses the gnoll.
The gnoll is heavily wounded.
You hit the goblin.
You kill the goblin!
Lugonu accepts your kill.
The gnoll hits you from afar with a +0 spear!
* * * LOW HITPOINT WARNING * * *
The gnoll hits you with a +0 flail.
You die...

#.# # #.# ###.##### #.#
..?#...# ###.##
###...... ....#
........#####..########
#........g##..........
#......ggg@.....#
#.........##.##.#
##.#...#####.##.# ..
#...# .>##.######## g#
#...# #####........# #
##.## ########.#### #.
#..... .. ####.# #.#


You could see 4 gnolls.

Vanquished Creatures
  An ooze (D:1)
  A worm (D:2)
  2 dart slugs (D:1)
  A leopard gecko (D:2)
  6 bats
  A giant cockroach (D:2)
  5 goblins
  5 hobgoblins
  4 jackals (D:1)
  4 kobolds (D:1)
  A ball python (D:2)
  2 frilled lizards (D:1)
  8 rats
41 creatures vanquished.

Notes
Turn   | Place    | Note
-------+----------+-------------------------------------------
     0 | Abyss:1  | Freyura the Demonspawn Abyssal Knight began the quest for
                  | the Orb.
     0 | Abyss:1  | Reached XP level 1. HP: 18/18 MP: 2/2
    94 | Abyss:1  | Noticed a starcursed mass
    95 | D:1      | Escaped the Abyss
   148 | D:1      | Reached skill level 1 in Dodging
   414 | D:1      | Gained mutation: You have a pair of small antennae on your
                  | head. [demonic ancestry]
   414 | D:1      | Reached XP level 2. HP: 24/24 MP: 4/4
   631 | D:1      | Reached * piety under Lugonu
  1170 | D:1      | Gained mutation: You have large cloven feet. [demonic
                  | ancestry]
  1170 | D:1      | Reached XP level 3. HP: 10/29 MP: 5/5
  2131 | D:2      | Slain by a gnoll

Skill      XL: |  1  2 |
---------------+-------+-----
Dodging        | 1 |  1.5
Axes           | 2 |  2.5
Armour         | 2 |  2.1
Invocations    | 3 |  3.3
Fighting       | |  3.3
Throwing       | |  0.8

Action                   || total
-------------------------++-------
Melee: Hand axe          ||   128
       Kick              ||     8
Invok: Depart the Abyss  ||     1
 Stab: Sleeping          ||     1
  Eat: Chunk             ||     4
Armor: Leather armour    ||    41
Dodge: Dodged            ||    88
